 Dungeon Crawl Stone Soup version 0.30-b1-2-g02819fbbbe (webtiles) character file.

Game seed: 14655709806649802109

8 inmateoo the Poker (level 2, 22/22 HPs)
             Began as a Demonspawn Gladiator on May 12, 2023.
             Quit the game on level 1 of the Dungeon on Aug 26, 2023.
             The game lasted 00:00:48 (656 turns).

inmateoo the Poker (Demonspawn Gladiator)            Turns: 656, Time: 00:00:49

Health: 22/22      AC:  4    Str: 14    XL:     2   Next: 0%
Magic:  2/2        EV: 12    Int:  9    God:
Gold:   41         SH:  0    Dex: 14    Spells: 1/1 levels left

rFire   . . .        a - +0 trident
rCold   . . .        (no shield)
rNeg    . . .        b - +0 leather armour
rPois   .            c - +0 helmet
rElec   .            (no cloak)
rCorr   .            (no gloves)
SInv    .            (no boots)
Will    .....        (no amulet)
Stlth   +            (no ring)
HPRegen 0.23/turn    (no ring)
MPRegen 0.08/turn

%: no passive effects
@: no status effects
A: claws 1
a: no special abilities


You were on level 1 of the Dungeon.
You visited 1 branch of the dungeon, and saw 1 of its levels.

You collected 41 gold pieces.

Inventory:

Hand Weapons
 a - a +0 trident (weapon)
Missiles
 d - 4 throwing nets (quivered)
 e - a javelin
Armour
 b - a +0 leather armour (worn)
 c - a +0 helmet (worn)
Scrolls
 f - a scroll of summoning {unknown}
 g - a scroll of identify {unknown}
 h - a scroll of blinking {unknown}


   Skills:
 + Level 2.0 Fighting
 * Level 3.1 Polearms
 - Level 1.7 Throwing
 + Level 2.7 Dodging


You had one spell level left.
You didn't know any spells.
Your spell library was empty.

Dungeon Overview and Level Annotations

Branches:
Dungeon (1/15)

Altars:

Shops:
D:1 *(!


Innate Abilities, Weirdness & Mutations

You have sharp fingernails.


Message History

You see here a +0 ring mail.
There is an open door here.
There is a staircase leading out of the dungeon here.
As you open the door, it creaks loudly!
No target in view!
There is an open door here.
You open the door.
Found a dagger.
No target in view!
Found 2 stones.
You open the door.
A goblin comes into view. It is wielding a +0 dagger.
You reach to attack!
The helpless goblin fails to defend itself.
You puncture the goblin!
You kill the goblin!
You open the door.
There is an open door here.
You see here a +0 dagger.
There is an open door here.
Key pressed, stopping explore.
No target in view!
d - 4 throwing nets (gained 1)
Found a stone staircase leading down.
No target in view!
Found 4 stones.
No target in view!
A rat comes into view.
Found 22 gold pieces.
You reach to attack!
The helpless rat fails to defend itself.
You puncture the rat!
You kill the rat!
You have reached level 2!
Your demonic ancestry asserts itself...
Your fingernails lengthen.
Saving game... please wait.
Welcome back, inmateoo the Demonspawn Gladiator.
Press ? for a list of commands and other information.
Are you sure you want to abandon this character and quit the game? (Confirm with "yes".)

#........##........
#.###.#####........
#. #.# #........ #.
#.# ######### #$
##.## .#####$ #...#
..?...† #...#
.......##...#
...>...@....#
..(...###...# .....
#...# .... #...#
... #...# .. #...#
. #####


There were no monsters in sight!

Vanquished Creatures
  2 ball pythons (D:1)
  A goblin (D:1)
  A hobgoblin (D:1)
  A quokka (D:1)
  A frilled lizard (D:1)
  A rat (D:1)
7 creatures vanquished.

Notes
Turn   | Place    | Note
-------+----------+-------------------------------------------
     0 | D:1      | inmateoo the Demonspawn Gladiator began the quest for the
                  | Orb.
     0 | D:1      | Reached XP level 1. HP: 16/16 MP: 1/1
   235 | D:1      | Found Hiphok's Antique Weapon Shoppe.
   244 | D:1      | Found Waghin's Distillery.
   267 | D:1      | Found Alux's General Store.
   305 | D:1      | Reached skill level 3 in Polearms
   656 | D:1      | Gained mutation: You have sharp fingernails. [demonic
                  | ancestry]
   656 | D:1      | Reached XP level 2. HP: 22/22 MP: 2/2
   656 | D:1      | Quit the game

Illustrated notes

Levels and vault maps discovered:
D:1:      shiori_arrival_maze, layout_basic, serial_shops, shop,
          nicolae_shop_pleasant_corner_grove, shop, shop,
          nicolae_shop_tiny_real_fake_doors

Skill      XL: |  1 |
---------------+----+-----
Polearms       | 3 |  3.1
Fighting       | |  2.0
Throwing       | |  1.7
Dodging        | |  2.7

Action                     || total
---------------------------++-------
  Melee: Trident           ||    35
         Punch             ||     1
   Stab: Sleeping          ||     2
 Armour: Leather armour    ||     9
  Dodge: Dodged            ||    18
